| TOP OF THE 1ST |
|
Greenville Drive batting - Pitching for Charleston RiverDogs : RHP Pat Matera
|
|
Pitching: RHP Pat Matera
|
|
|
Batting: RHB David Norum
|
0-0: Foul Ball, location: 2F 0-1: Swinging Strike 0-2: Ball 1-2: Strikes out swinging
|
|
Batting: LHB Sergio Tinoco
|
0-0: Ball 1-0: Ground out 4-3 (Groundball, 4, EV 90.0 MPH)
|
|
Batting: RHB Dan Friess
|
0-0: Ball 1-0: Swinging Strike 1-1: Foul Ball, location: 2F 1-2: Strikes out swinging
|
| Top of the 1st over - 0 runs, 0 hits, 0 errors, 0 left on base; Greenville 0 - Charleston 0 |
| BOTTOM OF THE 1ST |
|
Charleston RiverDogs batting - Pitching for Greenville Drive : LHP Will Sledge
|
|
Pitching: LHP Will Sledge
|
|
|
Batting: RHB Luwen Storm
|
0-0: Ball 1-0: Called Strike 1-1: Ball 2-1: Ball 3-1: Foul Ball, location: 2F 3-2: Base on Balls
|
|
Batting: SHB Reagan Dudley
|
0-0: Called Strike 0-1: Swinging Strike 0-2: Foul Ball, location: 2F 0-2: Ball 1-2: Ball 2-2: SINGLE (Groundball, 25, EV 68.1 MPH) (infield hit) Luwen Storm to second
|
|
Batting: RHB James Boynton
|
0-0: Ball Luwen Storm steals 3rd base 1-0: Called Strike 1-1: SINGLE (Groundball, 56D, EV 108.1 MPH) Luwen Storm scores Reagan Dudley to second
|
|
Batting: RHB Eric Blais
|
0-0: Ball 1-0: Ball 2-0: Called Strike 2-1: Ball 3-1: Foul Ball, location: 2F 3-2: Base on Balls Reagan Dudley to third James Boynton to second
|
|
Batting: LHB Eddie Ramirez
|
0-0: Ball 1-0: Called Strike 1-1: Hit by Pitch Reagan Dudley scores James Boynton to third Eric Blais to second
|
|
Batting: RHB Miguel Leal
|
0-0: Called Strike 0-1: Swinging Strike 0-2: Ball 1-2: Ball 2-2: Ground out 6-3 (Groundball, P, EV 84.4 MPH) James Boynton scores Eric Blais to third Eddie Ramirez to second
|
|
Batting: LHB Tatsuo Yasui
|
0-0: Swinging Strike 0-1: Ball 1-1: Called Strike 1-2: Hit by Pitch
|
|
Batting: RHB Nick Massengale
|
0-0: Foul Ball, location: 2F 0-1: Ball 1-1: Foul Ball, location: 2F 1-2: Foul Ball, location: 2F 1-2: Ball 2-2: Fly out, F8 (Line Drive, 8RM, EV 95.0 MPH) Runner from 3rd tags up, OUT at HOME! 8-2
|
| Bottom of the 1st over - 3 runs, 2 hits, 0 errors, 2 left on base; Greenville 0 - Charleston 3 |
| TOP OF THE 2ND |
|
Greenville Drive batting - Pitching for Charleston RiverDogs : RHP Pat Matera
|
|
Batting: RHB Devon Fourcade
|
0-0: Ball 1-0: Called Strike 1-1: Called Strike 1-2: Strikes out swinging
|
|
Batting: RHB Larry Brocato
|
0-0: Ball 1-0: Ball 2-0: Called Strike 2-1: DOUBLE (Line Drive, 78D, EV 112.5 MPH)
|
|
Batting: RHB John Chiesa
|
0-0: Ball 1-0: Ball 2-0: Foul Ball, location: 2F 2-1: Ball 3-1: Called Strike 3-2: Foul Ball, location: 2F 3-2: Ground out U3 (Groundball, 34S, EV 85.6 MPH) Larry Brocato to third
|
|
Batting: RHB Dave Nickerson
|
0-0: Ball 1-0: Called Strike 1-1: Ball 2-1: Ball 3-1: Foul Ball, location: 2F 3-2: Fly out, F8 (Line Drive, 8LD, EV 93.8 MPH)
|
| Top of the 2nd over - 0 runs, 1 hit, 0 errors, 1 left on base; Greenville 0 - Charleston 3 |
| BOTTOM OF THE 2ND |
|
Charleston RiverDogs batting - Pitching for Greenville Drive : LHP Will Sledge
|
|
Batting: RHB Carlos Guadarrama
|
0-0: Ball 1-0: Swinging Strike 1-1: Called Strike 1-2: Ball 2-2: Ball 3-2: Ground out 5-3 (Groundball, 56S, EV 64.4 MPH)
|
|
Batting: RHB Luwen Storm
|
0-0: Called Strike 0-1: Foul Ball, location: 2F 0-2: Ball 1-2: Fly out, F8 (Line Drive, 8RD, EV 101.2 MPH)
|
|
Batting: SHB Reagan Dudley
|
0-0: Foul Ball, location: 2F 0-1: Swinging Strike 0-2: Reached on error, E6 (Groundball, 6, EV 92.5 MPH)
|
|
Batting: RHB James Boynton
|
0-0: Ball 1-0: Called Strike 1-1: 2-RUN HOME RUN (Flyball, 7LD, EV 91.2 MPH), Distance : 355 ft
|
|
Batting: RHB Eric Blais
|
0-0: Ball 1-0: Foul Ball, location: 2F 1-1: Foul Ball, location: 2F 1-2: Strikes out swinging
|
| Bottom of the 2nd over - 2 runs, 1 hit, 1 error, 0 left on base; Greenville 0 - Charleston 5 |
| TOP OF THE 3RD |
|
Greenville Drive batting - Pitching for Charleston RiverDogs : RHP Pat Matera
|
|
Batting: RHB Adugna Chandu
|
0-0: DOUBLE (Line Drive, 5D, EV 100.0 MPH)
|
|
Batting: RHB Paul Long
|
0-0: Swinging Strike 0-1: 2-RUN HOME RUN (Line Drive, 78XD, EV 117.5 MPH), Distance : 474 ft
|
|
Batting: RHB David Norum
|
0-0: Called Strike 0-1: Ball 1-1: Called Strike 1-2: Ball 2-2: Foul Ball, location: 2F 2-2: Foul Ball, location: 2F 2-2: Foul Ball, location: 2F 2-2: Ground out 4-3 (Groundball, 4, EV 85.6 MPH)
|
|
Batting: LHB Sergio Tinoco
|
0-0: Called Strike 0-1: Called Strike 0-2: Ball 1-2: Ball 2-2: Strikes out swinging
|
|
Batting: RHB Dan Friess
|
0-0: Ball 1-0: Ball 2-0: Fly out, F7 (Flyball, 7D, EV 83.8 MPH)
|
| Top of the 3rd over - 2 runs, 2 hits, 0 errors, 0 left on base; Greenville 2 - Charleston 5 |
| BOTTOM OF THE 3RD |
|
Charleston RiverDogs batting - Pitching for Greenville Drive : LHP Will Sledge
|
|
Batting: LHB Eddie Ramirez
|
0-0: Ball 1-0: Ball 2-0: Called Strike 2-1: SINGLE (Line Drive, 89M, EV 98.8 MPH)
|
|
Batting: RHB Miguel Leal
|
0-0: Ball 1-0: Ball 2-0: Ball 3-0: Base on Balls Eddie Ramirez to second
|
|
Batting: LHB Tatsuo Yasui
|
0-0: Ball 1-0: Foul Ball, location: 2F 1-1: SINGLE (Groundball, 34D, EV 105.0 MPH) Eddie Ramirez to third Miguel Leal to second Runner from 3rd tries for Home, throw by RF and OUT! 9-2
|
|
Now in RF: David Clark
|
|
|
Batting: RHB Nick Massengale
|
0-0: Ball 1-0: SINGLE (Line Drive, 89S, EV 89.4 MPH) Miguel Leal to third Tatsuo Yasui to second Runner from 3rd tries for Home, throw by RF and OUT! 9-2
|
|
Now in CF: Dan Sorrow
|
|
|
Now in RF: John Chiesa
|
|
|
Batting: RHB Carlos Guadarrama
|
0-0: Ball Wild Pitch! Tatsuo Yasui to third Nick Massengale to second 1-0: Ground out 6-3 (Groundball, 6, EV 85.6 MPH)
|
| Bottom of the 3rd over - 0 runs, 3 hits, 0 errors, 2 left on base; Greenville 2 - Charleston 5 |
| TOP OF THE 4TH |
|
Greenville Drive batting - Pitching for Charleston RiverDogs : RHP Pat Matera
|
|
Batting: RHB Devon Fourcade
|
0-0: Ground out 6-3 (Groundball, 6S, EV 88.1 MPH)
|
|
Batting: RHB Larry Brocato
|
0-0: Called Strike 0-1: Foul Ball, location: 2F 0-2: Ball 1-2: Ball 2-2: Strikes out swinging
|
|
Batting: RHB John Chiesa
|
0-0: Foul Ball, location: 2F 0-1: Ground out 5-3 (Groundball, 56, EV 85.0 MPH)
|
| Top of the 4th over - 0 runs, 0 hits, 0 errors, 0 left on base; Greenville 2 - Charleston 5 |
| BOTTOM OF THE 4TH |
|
Charleston RiverDogs batting - Pitching for Greenville Drive : LHP Will Sledge
|
|
Batting: RHB Luwen Storm
|
0-0: Ball 1-0: Ball 2-0: Swinging Strike 2-1: Ball 3-1: Base on Balls
|
|
Pitching: LHP Dave Martin
|
|
|
Batting: SHB Reagan Dudley
|
0-0: Ball 1-0: Ball Luwen Storm steals 2nd base 2-0: Called Strike 2-1: Foul Ball, location: 2F 2-2: Strikes out swinging
|
|
Batting: RHB James Boynton
|
0-0: Ball 1-0: Foul Ball, location: 2F 1-1: Foul Ball, location: 2F 1-2: Ball 2-2: Ball 3-2: Ground out 5-3 (Groundball, 56, EV 83.8 MPH)
|
|
Batting: RHB Eric Blais
|
0-0: Ball 1-0: Fly out, F7 (Flyball, 78D, EV 85.0 MPH)
|
| Bottom of the 4th over - 0 runs, 0 hits, 0 errors, 1 left on base; Greenville 2 - Charleston 5 |
| TOP OF THE 5TH |
|
Greenville Drive batting - Pitching for Charleston RiverDogs : RHP Pat Matera
|
|
Batting: RHB Dan Sorrow
|
0-0: Ball 1-0: Called Strike 1-1: Foul Ball, location: 2F 1-2: Ball 2-2: Foul Ball, location: 2F 2-2: Ball 3-2: Strikes out swinging
|
|
Batting: RHB Adugna Chandu
|
0-0: Ball 1-0: Ball 2-0: Swinging Strike 2-1: Ball 3-1: Foul Ball, location: 2F 3-2: Strikes out swinging
|
|
Batting: RHB Paul Long
|
0-0: Foul Ball, location: 2F 0-1: Fly out, F9 (Line Drive, 9, EV 99.4 MPH)
|
| Top of the 5th over - 0 runs, 0 hits, 0 errors, 0 left on base; Greenville 2 - Charleston 5 |
| BOTTOM OF THE 5TH |
|
Charleston RiverDogs batting - Pitching for Greenville Drive : LHP Dave Martin
|
|
Batting: LHB Eddie Ramirez
|
0-0: Fly out, F7 (Flyball, 7D, EV 87.5 MPH)
|
|
Batting: RHB Miguel Leal
|
0-0: Called Strike 0-1: Called Strike 0-2: Strikes out swinging
|
|
Batting: LHB Tatsuo Yasui
|
0-0: Ground out 6-3 (Groundball, 6MD, EV 108.8 MPH)
|
| Bottom of the 5th over - 0 runs, 0 hits, 0 errors, 0 left on base; Greenville 2 - Charleston 5 |
| TOP OF THE 6TH |
|
Greenville Drive batting - Pitching for Charleston RiverDogs : RHP Pat Matera
|
|
Batting: RHB David Norum
|
0-0: Ball 1-0: Foul Ball, location: 2F 1-1: Ground out 4-3 (Groundball, 34, EV 88.8 MPH)
|
|
Batting: LHB Sergio Tinoco
|
0-0: Called Strike 0-1: Ball 1-1: Ball 2-1: Foul Ball, location: 2F 2-2: Ball 3-2: SINGLE (Groundball, 5S, EV 65.0 MPH) (infield hit)
|
|
Batting: RHB Dan Friess
|
0-0: Foul Ball, location: 2F 0-1: DOUBLE (Flyball, 8LD, EV 102.5 MPH) Sergio Tinoco to third
|
|
Batting: RHB Devon Fourcade
|
0-0: Swinging Strike 0-1: Ball 1-1: Ball Wild Pitch! Sergio Tinoco scores Dan Friess to third 2-1: DOUBLE (Groundball, 3L, EV 95.6 MPH) Dan Friess scores
|
|
Batting: RHB Larry Brocato
|
0-0: Ball 1-0: Called Strike 1-1: Ball 2-1: Foul Ball, location: 2F 2-2: Ball 3-2: Strikes out swinging
|
|
Pitching: RHP Colin Stone
|
|
|
Batting: RHB John Chiesa
|
0-0: SINGLE (Groundball, 56D, EV 95.6 MPH) Devon Fourcade to third Runner from 3rd tries for Home, SAFE, throw by LF to home
|
|
Batting: RHB Dan Sorrow
|
0-0: DOUBLE (Flyball, 89D, EV 106.9 MPH) John Chiesa to third Runner from 3rd tries for Home, SAFE, throw by RF to home
|
|
Batting: RHB Adugna Chandu
|
0-0: Foul Ball, location: 2F 0-1: Foul Ball, location: 2F 0-2: SINGLE (Line Drive, 78M, EV 105.0 MPH) Dan Sorrow to third Runner from 3rd tries for Home, SAFE, throw by LF to home Adugna Chandu to second
|
|
Batting: RHB Paul Long
|
0-0: Foul Ball, location: 2F 0-1: Ball 1-1: Ball 2-1: Ground out 5-3 (Groundball, 56S, EV 66.9 MPH)
|
| Top of the 6th over - 5 runs, 6 hits, 0 errors, 1 left on base; Greenville 7 - Charleston 5 |
| BOTTOM OF THE 6TH |
|
Charleston RiverDogs batting - Pitching for Greenville Drive : LHP Dave Martin
|
|
Batting: RHB Nick Massengale
|
0-0: Ball 1-0: Called Strike 1-1: Foul Ball, location: 2F 1-2: Strikes out swinging
|
|
Batting: RHB Carlos Guadarrama
|
0-0: Called Strike 0-1: Foul Ball, location: 2F 0-2: Ground out 6-3 (Groundball, 6D, EV 101.9 MPH)
|
|
Batting: RHB Luwen Storm
|
0-0: Ball 1-0: Ball 2-0: Foul Ball, location: 2F 2-1: Ball 3-1: Reached via error on a dropped throw from 1B, E1 (Groundball, 34S, EV 70.0 MPH)
|
|
Batting: SHB Reagan Dudley
|
0-0: Ball 1-0: Foul Ball, location: 2F 1-1: Ball 2-1: Ball 3-1: SINGLE (Line Drive, 8LS, EV 111.2 MPH) Luwen Storm to second Throwing error, E8 Luwen Storm scores Reagan Dudley to second
|
|
Pitching: RHP Cameron Williams
|
|
|
Batting: RHB James Boynton
|
0-0: Ball 1-0: Ball 2-0: Called Strike 2-1: Fly out, F9 (Flyball, 9D, EV 97.5 MPH)
|
| Bottom of the 6th over - 1 run, 1 hit, 2 errors, 1 left on base; Greenville 7 - Charleston 6 |
| TOP OF THE 7TH |
|
Greenville Drive batting - Pitching for Charleston RiverDogs : RHP Colin Stone
|
|
Batting: RHB David Norum
|
0-0: Called Strike 0-1: Ball 1-1: Foul Ball, location: 2F 1-2: SINGLE (Line Drive, 4MD, EV 103.1 MPH)
|
|
Batting: LHB Sergio Tinoco
|
0-0: Ball 1-0: Ball David Norum is caught stealing 2nd base 2-6 2-0: Ball 3-0: Called Strike 3-1: Foul Ball, location: 2F 3-2: Foul Ball, location: 2F 3-2: Base on Balls
|
|
Batting: RHB Dan Friess
|
0-0: Foul Ball, location: 2F 0-1: Foul Ball, location: 2F 0-2: Foul Ball, location: 2F 0-2: Fly out, F7 (Flyball, 7LS, EV 87.5 MPH)
|
|
Batting: RHB Devon Fourcade
|
0-0: Ball 1-0: Ball 2-0: Called Strike 2-1: Ball 3-1: Called Strike Sergio Tinoco steals 2nd base 3-2: Strikes out swinging
|
| Top of the 7th over - 0 runs, 1 hit, 0 errors, 1 left on base; Greenville 7 - Charleston 6 |
| BOTTOM OF THE 7TH |
|
Charleston RiverDogs batting - Pitching for Greenville Drive : RHP Cameron Williams
|
|
Batting: RHB Eric Blais
|
0-0: Ball 1-0: Ball 2-0: Called Strike 2-1: Swinging Strike 2-2: Foul Ball, location: 2F 2-2: Foul Ball, location: 2F 2-2: Ball 3-2: SINGLE (Groundball, 25, EV 71.9 MPH) (infield hit)
|
|
Batting: LHB Eddie Ramirez
|
0-0: Ball Eric Blais steals 2nd, throwing error, E2 Eric Blais to third 1-0: Foul Ball, location: 2F 1-1: Ball 2-1: Ball 3-1: Foul Ball, location: 2F 3-2: Foul Ball, location: 2F 3-2: Base on Balls
|
|
Batting: RHB Miguel Leal
|
0-0: Called Strike 0-1: Ball 1-1: Foul Ball, location: 2F 1-2: Strikes out looking
|
|
Batting: LHB Tatsuo Yasui
|
0-0: Ball 1-0: Ball 2-0: Swinging Strike 2-1: Fly out, F8 (Flyball, 8RD, EV 101.9 MPH) Runner from 3rd tags up, SCORES, throw by CF
|
|
Batting: RHB Nick Massengale
|
0-0: Ball 1-0: Called Strike 1-1: Ball 2-1: Called Strike 2-2: Ground out 6-3 (Groundball, 6S, EV 66.2 MPH)
|
| Bottom of the 7th over - 1 run, 1 hit, 1 error, 1 left on base; Greenville 7 - Charleston 7 |
| TOP OF THE 8TH |
|
Greenville Drive batting - Pitching for Charleston RiverDogs : RHP Colin Stone
|
|
Pitching: RHP Gabe Pomales
|
|
|
Batting: RHB Larry Brocato
|
0-0: DOUBLE (Flyball, 8RXD, EV 103.8 MPH)
|
|
Batting: RHB John Chiesa
|
0-0: Foul Ball, location: 2F 0-1: Bunted foul 0-2: Ball 1-2: SINGLE (Groundball, 5S, EV 71.9 MPH) (infield hit) Larry Brocato to third
|
|
Pinch Hitting: LHB Masumi Abe
|
0-0: Ball John Chiesa steals 2nd base 1-0: 3-RUN HOME RUN (Flyball, 89XD, EV 107.5 MPH), Distance : 431 ft
|
|
Pitching: RHP Brandon Lemay
|
|
|
Batting: RHB Adugna Chandu
|
0-0: Foul Ball, location: 2F 0-1: Ground out 6-3 (Groundball, P, EV 88.8 MPH)
|
|
Batting: RHB Paul Long
|
0-0: Called Strike 0-1: Swinging Strike 0-2: Ball 1-2: Ball 2-2: Strikes out swinging
|
|
Batting: RHB David Norum
|
0-0: Called Strike 0-1: Foul Ball, location: 2F 0-2: Foul Ball, location: 2F 0-2: Ball 1-2: Ball 2-2: Strikes out swinging
|
| Top of the 8th over - 3 runs, 3 hits, 0 errors, 0 left on base; Greenville 10 - Charleston 7 |
| BOTTOM OF THE 8TH |
|
Charleston RiverDogs batting - Pitching for Greenville Drive : RHP Cameron Williams
|
|
Pitching: LHP Jason Kell
|
|
|
Now in CF: John Chiesa
|
|
|
Now in RF: Masumi Abe
|
|
|
Batting: RHB Carlos Guadarrama
|
0-0: Swinging Strike 0-1: Swinging Strike 0-2: Foul Ball, location: 2F 0-2: Foul Ball, location: 2F 0-2: SINGLE (Groundball, 4MD, EV 98.1 MPH)
|
|
Batting: RHB Luwen Storm
|
0-0: Swinging Strike 0-1: Ball 1-1: Ball 2-1: Ball 3-1: Base on Balls Carlos Guadarrama to second
|
|
Batting: SHB Reagan Dudley
|
0-0: Called Strike 0-1: Ball 1-1: Ball 2-1: Foul Ball, location: 2F 2-2: Fly out, F4 (Popup, 4, EV 66.2 MPH)
|
|
Batting: RHB James Boynton
|
0-0: Foul Ball, location: 2F 0-1: Foul Ball, location: 2F 0-2: Ball 1-2: Ball 2-2: Fly out, F7 (Flyball, 7LM, EV 88.8 MPH) Runner from 2nd tags up, SAFE at 3rd with throw by LF
|
|
Pitching: RHP Alex Sandidge
|
|
|
Batting: RHB Eric Blais
|
0-0: Foul Ball, location: 2F 0-1: Ball 1-1: Foul Ball, location: 2F 1-2: Ball 2-2: Foul Ball, location: 2F 2-2: Foul Ball, location: 2F 2-2: Foul Ball, location: 2F 2-2: Foul Ball, location: 2F 2-2: Fly out, F8 (Flyball, 8LXD, EV 93.8 MPH)
|
| Bottom of the 8th over - 0 runs, 1 hit, 0 errors, 2 left on base; Greenville 10 - Charleston 7 |
| TOP OF THE 9TH |
|
Greenville Drive batting - Pitching for Charleston RiverDogs : RHP Brandon Lemay
|
|
Batting: LHB Sergio Tinoco
|
0-0: Swinging Strike 0-1: Called Strike 0-2: Fly out, F8 (Flyball, 78D, EV 91.9 MPH)
|
|
Batting: RHB Dan Friess
|
0-0: Swinging Strike 0-1: Ball 1-1: Ball 2-1: Ball 3-1: Base on Balls
|
|
Batting: RHB Devon Fourcade
|
0-0: Called Strike 0-1: Called Strike 0-2: Strikes out swinging
|
|
Batting: RHB Larry Brocato
|
0-0: Ball 1-0: Foul Ball, location: 2F 1-1: Fly out, F9 (Line Drive, 9S, EV 92.5 MPH)
|
| Top of the 9th over - 0 runs, 0 hits, 0 errors, 1 left on base; Greenville 10 - Charleston 7 |
| BOTTOM OF THE 9TH |
|
Charleston RiverDogs batting - Pitching for Greenville Drive : RHP Alex Sandidge
|
|
Pitching: RHP Roberto Morales
|
|
|
Batting: LHB Eddie Ramirez
|
0-0: Ball 1-0: Foul Ball, location: 2F 1-1: Ball 2-1: Swinging Strike 2-2: Ground out 4-3 (Groundball, 4S, EV 63.8 MPH)
|
|
Batting: RHB Miguel Leal
|
0-0: Ground out 5-3 (Groundball, 56, EV 96.9 MPH)
|
|
Batting: LHB Tatsuo Yasui
|
0-0: Ball 1-0: Fly out, F8 (Flyball, 8RXD, EV 102.5 MPH)
|
| Bottom of the 9th over - 0 runs, 0 hits, 0 errors, 0 left on base; Greenville 10 - Charleston 7 |
|